 Dungeon Crawl Stone Soup version 0.20.0-15-g7f486f2 (webtiles) character file.

2088 Malak the Thaumaturge (level 9, -17/45 HPs)
             Began as a Deep Elf Conjurer on June 12, 2017.
             Was a Follower of Vehumet.
             Killed from afar by ThereIsNoGod's ghost (24 damage)
             ... with a blast of rock fragments
             ... on level 7 of the Dungeon on June 13, 2017.
             The game lasted 01:15:16 (7094 turns).

Malak the Thaumaturge (Deep Elf Conjurer)           Turns: 7094, Time: 01:15:17

Health: -17/45     AC:  3    Str:  5    XL:     9   Next: 6%
Magic:  18/33      EV: 16    Int: 24    God:    Vehumet [*.....]
Gold:   258        SH:  0    Dex: 15    Spells: 7/26 levels left

rFire    + . .     SeeInvis .   y - +2 dire flail (protect)
rCold    x . .     Gourm    .   (shield currently unavailable)
rNeg     . . .     Faith    .   a - +0 robe
rPois    .         Spirit   .   (no helmet)
rElec    .         Reflect  .   s - +0 cloak
rCorr    .         Harm     .   (no gloves)
MR       .....                  (no boots)
Stlth    +++.......             z - amulet of magic regeneration
Regen    0.2/turn               x - ring of magical power
MPRegen  0.4/turn               r - ring of fire

@: no status effects
A: no striking features
a: Renounce Religion


You were on level 7 of the Dungeon.
You worshipped Vehumet.
Vehumet was aware of your devotion.
You were not hungry.

You visited 2 branches of the dungeon, and saw 8 of its levels.

You collected 258 gold pieces.

Inventory:

Hand Weapons
 m - a +0 dagger of venom
 u - a +2 dagger of distortion
 y - a +2 dire flail of protection (weapon)
 D - a +2 flail
Armour
 a - a +0 robe (worn)
 s - a +0 cloak (worn)
Jewellery
 n - an uncursed amulet of regeneration
 o - an uncursed ring of poison resistance
 r - a ring of fire (right hand)
 t - an uncursed amulet of guardian spirit
 x - a ring of magical power (left hand)
 z - an amulet of magic regeneration (around neck)
Scrolls
 d - 2 scrolls of magic mapping {unknown}
 e - 3 scrolls of amnesia
 h - 4 scrolls of teleportation {unknown}
 j - 4 scrolls of remove curse {unknown}
 l - 2 scrolls of recharging {unknown}
 v - 2 scrolls of fog {unknown}
 B - 5 scrolls of identify
Potions
 f - a potion of ambrosia {unknown}
 g - a potion of flight {unknown}
 p - a potion of berserk rage
 q - 2 potions of agility {unknown}
 w - a potion of curing {unknown}
 A - 2 potions of heal wounds
Books
 b - a book of Conjurations

   Spells                             Type                      Level
   a - Magic Dart                     Conjuration                  1
   b - Searing Ray                    Conjuration                  2
   c - Dazzling Spray                 Conjuration/Hexes            3
   d - Fulminant Prism                Conjuration/Hexes            4
   e - Force Lance                    Conjuration/Translocation    4
   f - Iskenderun's Mystic Blast      Conjuration                  4
Comestibles
 c - 2 bread rations
 i - 4 royal jellies
 k - 3 meat rations
 C - 4 chunks of flesh


   Skills:
 - Level 7.0 Dodging
 - Level 6.2 Stealth
 - Level 9.0 Spellcasting
 - Level 8.0 Conjurations
 + Level 4.5 Hexes


You had 7 spell levels left.
You knew the following spells:

 Your Spells              Type           Power        Failure   Level  Hunger
a - Magic Dart            Conj           ####         1%          1    None
b - Dazzling Spray        Conj/Hex       #####.       1%          3    None
c - Iskenderun's Mystic   Conj           #####...     2%          4    ##.....
d - Fulminant Prism       Conj/Hex       #####.....   4%          4    ##.....
e - Searing Ray           Conj           #####.       1%          2    None
f - Force Lance           Conj/Tloc      ####....     11%         4    ##.....
g - Flame Tongue          Conj/Fire      #####        1%          1    None


Dungeon Overview and Level Annotations

Branches:
Dungeon (7/15)             Temple (1/1) D:6

Altars:
Ashenzari
Dithmenos
Gozag
Hepliaklqana
Kikubaaqudgha
Qazlal
Ru
Sif Muna
Vehumet
Xom

Annotations:
D:7 ThereIsNoGod's ghost, novice SpEE


Message History

You see here a short sword.
Casting: Flame Tongue
Confirm with . or Enter, or press ? or * to list all spells.
Aiming: Force Lance
Press: ? - help, Shift-Dir - straight line, f - ThereIsNoGod's ghost
Aim: ThereIsNoGod's ghost (severely damaged)
The lance of force hits ThereIsNoGod's ghost.
ThereIsNoGod's ghost is almost destroyed.
ThereIsNoGod's ghost is knocked back by the lance of force.
A jelly comes into view.
Casting: Force Lance
Confirm with . or Enter, or press ? or * to list all spells.
Aiming: Iskenderun's Mystic Blast
Press: ? - help, Shift-Dir - straight line, f/p - ThereIsNoGod's ghost
Aim: ThereIsNoGod's ghost (almost destroyed)
The orb of energy misses ThereIsNoGod's ghost.
ThereIsNoGod's ghost gestures at you while chanting.
The wall shatters!
The blast of rock fragments hits you!
Ouch! That really hurt!
You die...

# ...
#.#######.....
#....@<.'W..J!
#########....)
... .


You could see a jelly and ThereIsNoGod's ghost.

Vanquished Creatures
  Grinder (D:3)
  Edmund (D:3)
  A black bear (D:6)
  4 ogres
  A phantom (D:4)
  3 bullfrogs
  A water moccasin zombie (D:6)
  5 wights (D:6)
  A bullfrog zombie (D:5)
  A crimson imp (D:6)
  2 jellies
  A bullfrog skeleton (D:4)
  5 iguanas
  4 orc wizards
  5 worker ants
  A hound skeleton (D:6)
  A worker ant zombie (D:6)
  6 gnolls (D:4)
  A howler monkey skeleton (D:5)
  8 adders
  2 adder skeletons (D:4)
  An adder zombie (D:6)
  2 worms
  2 dart slugs (D:1)
  7 leopard geckos
  11 orcs
  5 giant cockroaches
  9 goblins
  9 hobgoblins
  18 jackals
  3 ball pythons
  8 bats
  6 frilled lizards
  2 jackal skeletons (D:4)
  7 kobolds
  9 rats
154 creatures vanquished.

Vanquished Creatures (others)
  25 fulminant prisms
25 creatures vanquished.

Grand Total: 179 creatures vanquished

Notes
Turn   | Place    | Note
-------+----------+-------------------------------------------
     0 | D:1      | Malak the Deep Elf Conjurer began the quest for the Orb.
     0 | D:1      | Reached XP level 1. HP: 10/10 MP: 6/6
    92 | D:1      | Reached XP level 2. HP: 15/15 MP: 3/8
    95 | D:1      | Reached skill level 4 in Spellcasting
   606 | D:1      | Reached XP level 3. HP: 19/19 MP: 9/11
   689 | D:1      | Learned a level 3 spell: Dazzling Spray
   731 | D:1      | Reached skill level 5 in Spellcasting
   793 | D:2      | Reached skill level 1 in Hexes
  1476 | D:2      | Reached XP level 4. HP: 20/24 MP: 7/13
  1588 | D:2      | Learned a level 4 spell: Iskenderun's Mystic Blast
  2293 | D:3      | You fall through a shaft for 3 floors!
  2418 | D:6      | Noticed a bullfrog
  2429 | D:6      | Reached skill level 5 in Conjurations
  2521 | D:5      | Entered Level 5 of the Dungeon
  2678 | D:5      | Reached XP level 5. HP: 14/28 MP: 6/14
  2979 | D:4      | Learned a level 4 spell: Fulminant Prism
  3012 | D:4      | HP: 1/28 [bullfrog (9)]
  3024 | D:5      | Reached XP level 6. HP: 12/32 MP: 1/15
  3883 | D:4      | Noticed Edmund
  3888 | D:4      | Reached skill level 5 in Stealth
  3891 | D:4      | Noticed Grinder
  3916 | D:3      | Killed Edmund
  4263 | D:4      | Reached XP level 7. HP: 36/36 MP: 13/17
  4278 | D:3      | Killed Grinder
  4278 | D:3      | Reached skill level 7 in Spellcasting
  4284 | D:3      | Learned a level 2 spell: Searing Ray
  4713 | D:4      | Reached skill level 8 in Spellcasting
  4791 | D:4      | Reached skill level 9 in Spellcasting
  4797 | D:4      | Learned a level 4 spell: Force Lance
  4940 | D:4      | Found an ancient bone altar of Kikubaaqudgha.
  5182 | D:5      | Found a deep blue altar of Sif Muna.
  5278 | D:5      | Reached XP level 8. HP: 41/41 MP: 16/23
  5991 | D:6      | Found a staircase to the Ecumenical Temple.
  5997 | Temple   | Entered the Ecumenical Temple
  6018 | Temple   | Became a worshipper of Vehumet
  6242 | D:6      | Reached skill level 5 in Dodging
  6776 | D:6      | Found a shimmering altar of Xom.
  6786 | D:6      | Reached * piety under Vehumet
  6786 | D:6      | Offered knowledge of Flame Tongue by Vehumet.
  6875 | D:6      | Reached XP level 9. HP: 45/45 MP: 23/24
  6907 | D:6      | Found a shattered altar of Ashenzari.
  6907 | D:6      | Found a sparkling altar of Nemelex Xobeh.
  6909 | D:6      | Found an iron altar of Okawaru.
  6909 | D:6      | Found a shimmering altar of Xom.
  6909 | D:6      | Found a glowing golden altar of the Shining One.
  6947 | D:6      | Learned a level 1 spell: Flame Tongue
  7089 | D:7      | Noticed ThereIsNoGod's ghost (novice SpEE)
  7094 | D:7      | Killed from afar by ThereIsNoGod's ghost

Skill      XL: |  1  2  3  4  5  6  7  8 |
---------------+-------------------------+-----
Spellcasting   | 4 5 9 |  9.0
Hexes          | 2 4 |  4.5
Dodging        | 3 7 |  7.0
Conjurations   | 5 6 8 |  8.0
Stealth        | 4 6 |  6.2

Action                   |  1- 3 |  4- 6 |  7- 9 || total
-------------------------+-------+-------+-------++-------
Melee: Dagger            |     4 |     9 |       ||    13
       Dire flail        |       |     5 |     6 ||    11
 Cast: Magic Dart        |    92 |    49 |    49 ||   190
       Dazzling Spray    |     2 |    15 |     2 ||    19
       Iskenderun's Myst |       |    14 |    52 ||    66
       Fulminant Prism   |       |    11 |    14 ||    25
       Searing Ray       |       |       |    10 ||    10
       Flame Tongue      |       |       |     1 ||     1
       Force Lance       |       |       |     1 ||     1
  Use: Scroll            |     2 |     3 |     1 ||     6
       Potion            |       |     2 |       ||     2
 Stab: Sleeping          |       |     1 |       ||     1
  Eat: Chunk             |     2 |     7 |    10 ||    19
       Meat ration       |       |     1 |       ||     1
       Fruit             |       |       |     3 ||     3
Armor: Robe              |     3 |     4 |     2 ||     9
Dodge: Dodged            |     8 |    39 |     8 ||    55
